 Dungeon Crawl Stone Soup version 0.26.1-2-gb8aa6d0cf2 (webtiles) character file.

Game seed: 3331544561260466040

88 Araneus the Insei (level 4, 0/52 HPs)
             Began as a Demonspawn Monk on Mar 4, 2021.
             Slain by Grinder (7 damage)
             ... on level 3 of the Dungeon.
             The game lasted 00:04:49 (2190 turns).

Araneus the Insei (Demonspawn Monk)                 Turns: 2190, Time: 00:04:50

Health: 0/52       AC:  9    Str: 13    XL:     4   Next: 30%
Magic:  4/4        EV: 13    Int: 11    God:
Gold:   165        SH:  0    Dex: 15    Spells: 3/3 levels left

rFire    . . .     SeeInvis .     - Unarmed
rCold    . . .     Faith    .   (no shield)
rNeg     . . .     Spirit   .   a - +0 robe
rPois    .         Reflect  .   (helmet restricted)
rElec    .         Harm     .   j - +0 cloak
rCorr    .         Rampage  .   (no gloves)
Will     .....                  (no boots)
Stlth    ..........             (no amulet)
HPRegen  0.17/turn              (no ring)
MPRegen  0.09/turn              (no ring)

@: berserking, sanguine armour, hasted, very quick
A: horns 2, mutation resistance 1, sanguine armour 1
a: no special abilities


You were on level 3 of the Dungeon.
You visited 1 branch of the dungeon, and saw 3 of its levels.

You collected 165 gold pieces.

Inventory:

Armour
 a - a +0 robe (worn)
 e - a +0 leather armour
 j - a +0 cloak (worn)
Wands
 h - a wand of acid (7)
 i - a wand of digging (4)
Scrolls
 b - 9 scrolls of identify {unknown}
 c - 2 scrolls of enchant armour {unknown}
 f - a scroll of amnesia {unknown}
 g - a scroll of remove curse {unknown}
 k - a scroll of magic mapping {unknown}
Potions
 d - 2 potions of flight


   Skills:
 - Level 3.0 Fighting
 - Level 2.6 Dodging
 - Level 1.7 Stealth
 + Level 4.7 Unarmed Combat


You had 3 spell levels left.
You didn't know any spells.
Your spell library was empty.

Dungeon Overview and Level Annotations

Branches:
Dungeon (3/15)

Altars:
Ashenzari

Annotations:
D:3 Grinder


Innate Abilities, Weirdness & Mutations

You have a pair of horns on your head.
When seriously injured, your bleeding wounds create armour. (AC +6)
You are somewhat resistant to further mutation.


Message History

Grinder is severely wounded.
Grinder hits you!
Your blood congeals into armour.
You writhe in agony.
You are too injured to fight recklessly!
You are too injured to fight recklessly!
It was a potion of haste.
You feel yourself speed up.
The hobgoblin shouts!
Grinder gestures at you. Pain shoots through your body!
* * * LOW HITPOINT WARNING * * *
It was a potion of berserk rage.
A red film seems to cover your vision as you go berserk!
You feel yourself moving faster!
You feel mighty!
Grinder says, "Wait up."
Grinder gestures at you. Pain shoots through your body!
* * * LOW HITPOINT WARNING * * *
You barely miss Grinder. Your headbutt misses Grinder.
Grinder is severely wounded.
Grinder hits you!
You die...

#...## ##.....## #
.......# .......
.......# #.......#
.......# #.......#
##.....## ##
#.......######.......#
#.
#..............5.....#
#.
#........#.###.@..g..#
. #........#.#
##........
#..........# ##....###
######...## ###.# #
.### #......### .##.
.... #........#
..(.########
#......#..#
#...........
#.......#.#
#...........
####.......#.#
##..........#


You could see Grinder and a hobgoblin.

Vanquished Creatures
  Terence (D:3)
  An adder (D:3)
  An ooze (D:2)
  2 worms (D:3)
  A dart slug (D:1)
  2 leopard geckos (D:1)
  2 giant cockroaches
  2 goblins
  4 hobgoblins
  3 jackals (D:1)
  7 bats
  4 frilled lizards
  9 kobolds
  6 rats
45 creatures vanquished.

Notes
Turn   | Place    | Note
-------+----------+-------------------------------------------
     0 | D:1      | Araneus the Demonspawn Monk began the quest for the Orb.
     0 | D:1      | Reached XP level 1. HP: 18/18 MP: 1/1
    59 | D:1      | Reached skill level 3 in Unarmed Combat
    72 | D:1      | Gained mutation: You have a pair of small horns on your
                  | head. [demonic ancestry]
    72 | D:1      | Reached XP level 2. HP: 21/24 MP: 2/2
   242 | D:1      | Found a broken altar of Ashenzari.
   585 | D:1      | You fall into a shaft and drop 1 floor!
   796 | D:1      | Reached XP level 3. HP: 28/29 MP: 3/3
   996 | D:2      | Reached skill level 4 in Unarmed Combat
  1527 | D:3      | Noticed Terence
  1529 | D:3      | Gained mutation: You are somewhat resistant to further
                  | mutation. [potion of mutation]
  1529 | D:3      | Gained mutation: You have a pair of horns on your head.
                  | [potion of mutation]
  1539 | D:3      | Killed Terence
  1765 | D:3      | Gained mutation: When seriously injured, your bleeding
                  | wounds create armour. (AC +6) [demonic ancestry]
  1765 | D:3      | Reached XP level 4. HP: 24/35 MP: 4/4
  2181 | D:3      | Noticed Grinder
  2190 | D:3      | Slain by Grinder

Illustrated notes

Levels and vault maps discovered:
D:1:      lightli_molten_gateway, layout_basic, evilmike_ruin_ashenzari
D:2:      layout_basic
D:3:      layout_rooms, amethyst_overflow_temple_binary,
          gammafunk_temple_overflow_wave, uniq_terence, uniq_grinder

Skill      XL: |  1  2  3 |
---------------+----------+-----
Unarmed Combat | 3 4 |  4.7
Fighting       | |  3.0
Dodging        | |  2.6
Stealth        | |  1.7

Action                   |  1- 3 |  4- 6 || total
-------------------------+-------+-------++-------
Melee: Unarmed           |   106 |    40 ||   146
       Punch             |     4 |     1 ||     5
       Headbutt          |    25 |    11 ||    36
  Use: Potion            |     2 |     2 ||     4
 Stab: Sleeping          |     5 |     1 ||     6
       Distracted        |       |     1 ||     1
Armor: Robe              |    25 |     6 ||    31
Dodge: Dodged            |    70 |    18 ||    88
